 Dungeon Sprint DCSS version 0.19-a0-578-g4cfc824 (webtiles) character file.

15300000 Groucho the Axe Maniac (level 27, -11/247 (249) HPs)
             Began as a Formicid Fighter on June 9, 2016.
             Was the Champion of Makhleb.
             Mangled by a meat berserker
             ... wielding a +9 battleaxe
              (44 damage)
             ... in the Dungeon (Sprint VIII: "Arena of Blood").
             The game lasted 00:06:59 (153 turns).

Groucho the Axe Maniac (Formicid Fighter)            Turns: 153, Time: 00:07:00

HP:   -11/247 (249) AC: 13    Str: 22    XL:     27
MP:   50/54         EV: 31    Int: 11    God:    Makhleb [******]
Gold: 0             SH: 19    Dex: 19    Spells: 0 memorised, 80 levels left

rFire  . . .     SeeInvis +     l - +∞ Axe of Woe
rCold  . . .     Gourm    .     b - +0 scale mail
rNeg   . . .     Faith    .     c - +0 shield
rPois  .         Spirit   .     (helmet unavailable)
rElec  .         Dismiss  .     (no cloak)
rCorr  .         Reflect  .     (no gloves)
SustAt .         Harm     .     (no boots)
MR     ++...                    (no amulet)
Stlth  ++++++++..               (no ring)
                                (no ring)

@: very resistant to hostile enchantments, extraordinarily stealthy
A: permanent stasis, dig shafts and tunnels, four strong arms, antennae 3
a: Dig, Minor Destruction, Lesser Servant of Makhleb, Major Destruction, Greater
Servant of Makhleb, Renounce Religion


You were in the Dungeon.
You worshipped Makhleb.
Makhleb was exalted by your worship.
You were not hungry.

You visited 1 branch

Inventory:

Hand Weapons
 a - a +0 quarterstaff
 l - the +∞ Axe of Woe (weapon)
   (You found it in the Dungeon)
 m - a +9 great sword of slicing
Armour
 b - a +0 scale mail (worn)
 c - a +0 shield (worn)
Jewellery
 n - a +200 ring of slaying
 o - a +200 ring of slaying
 p - a +200 ring of slaying
 q - a +200 ring of slaying
 r - a +200 ring of slaying
 s - a +400 ring of slaying
 t - a +100 ring of slaying
 u - a +200 ring of slaying
 v - a +100 ring of slaying
Scrolls
 k - a scroll of blinking
Potions
 d - a potion of might
 e - a potion of curing
 g - a potion of heal wounds
 h - a potion of haste
 i - 2 potions of magic
 j - a potion of berserk rage
Comestibles
 f - a bread ration


   Skills:
 O Level 27 Fighting
 O Level 27 Long Blades
 O Level 27 Axes
 O Level 27 Staves
 O Level 27 Throwing
 O Level 27 Armour
 O Level 27 Dodging
 O Level 27 Stealth
 O Level 27 Shields
 O Level 27 Unarmed Combat
 O Level 27 Spellcasting
 O Level 27 Invocations


You had 80 spell levels left.
You didn't know any spells.

Dungeon Overview and Level Annotations

Branches:
Dungeon (1/1)

Altars:
Makhleb

Annotations:
D The Meatlord


Innate Abilities, Weirdness & Mutations

You are under a permanent stasis effect.
You can dig through walls and to a lower floor.
Your four strong arms can wield two-handed weapons with a shield.
You have a pair of large antennae on your head. (SInv)


Message History

The observer gazes at you.
The fireball explodes!
The fireball engulfs the accursed.
The fireball engulfs the dread.
The fireball engulfs the observer.
The fireball engulfs the accursed.
The bag of meat is engulfed in roaring flames.
The Meatlord gestures.
A corpse begins to drag itself along the ground!
Some corpses meld into agglomerations of writhing flesh!
You hear a shout! x3
The accursed points at you and mumbles some strange words.
Something smites you!
* * * LOW HITPOINT WARNING * * *
You hear a shout!
The observer gazes at you. Something smites you!
* * * LOW HITPOINT WARNING * * *
You hear a shout! x2
The meat berserker is engulfed in roaring flames.
The meat berserker hits you with a +9 battleaxe!!!
You die... .. ..o.. #. {{G%# {{#z{{ {M.# {pG .###.W {MW###xV ..W..o###.o..po ...pWoXoD§Co

{ o#.W§§o# {{{
#_.S@x#{ {{
#%.%)O#{
.%.o.%_§X%o{.{o
....%.###x.1o&pX
.###%. ...###oM
{ #%. §..%#


{{o #. ...# {{ .. ..... .... You could see The Meatlord, 3 accurseds, a
Tzitzimitl, an eight-headed meat hydra, a destroyer, 2 observers, a scourge, 2
fleshlords, a sculptor of flesh, a large bag of meat (inner flame), 2 large
abominations, 2 wretched souls, 3 dreads, a meat berserker (berserk), a small
abomination, 11 bags of meat and 2 crawling corpses.

Vanquished Creatures
  A hell knight (D)
  14 hell beasts (D)
  8 greater mummies (D)
  6 great orbs of eyes (D)
  7 wraiths (D)
  18 vampire knights (D)
  40 ogres (D)
  6 liches (D)
  A hydra (D)
  57 orcs (D)
  5 phantoms (D)
  6 hill giants (D)
  5 skeletal warriors (D)
  8 sea snakes (D)
  9 large abominations (D)
  4 small abominations (D)
  7 crawling corpses (D)
202 creatures vanquished.

Notes
Turn   | Place    | Note
--------------------------------------------------------------
     0 | D        | Groucho the Formicid Fighter began the quest for the Orb.
     0 | D        | Reached XP level 1. HP: 18/18 MP: 1/1
     3 | D        | Noticed a bag of meat
     4 | D        | Noticed a bag of meat
     4 | D        | Noticed a bag of meat
     4 | D        | Became a worshipper of Makhleb the Destroyer
     6 | D        | Noticed a bag of meat
     6 | D        | Noticed a bag of meat
     6 | D        | Killed a bag of meat
     6 | D        | Reached skill level 15 in Axes
     6 | D        | Reached XP level 2. HP: 39/39 MP: 2/2
     6 | D        | Reached XP level 3. HP: 45/45 MP: 3/3
     6 | D        | Reached XP level 4. HP: 52/52 MP: 4/4
     6 | D        | Reached XP level 5. HP: 58/58 MP: 5/5
     6 | D        | Reached XP level 6. HP: 65/65 MP: 6/6
     6 | D        | Reached XP level 7. HP: 71/71 MP: 7/7
     6 | D        | Reached XP level 8. HP: 78/78 MP: 8/8
     6 | D        | Reached XP level 9. HP: 84/84 MP: 9/9
     6 | D        | Reached XP level 10. HP: 91/91 MP: 10/10
     6 | D        | Reached XP level 11. HP: 96/96 MP: 11/11
     6 | D        | Reached XP level 12. HP: 103/103 MP: 12/12
     9 | D        | Killed a bag of meat
     9 | D        | Reached * piety under Makhleb
     9 | D        | Reached skill level 15 in Shields
     9 | D        | Reached XP level 13. HP: 114/114 MP: 13/13
     9 | D        | Killed a bag of meat
     9 | D        | Reached skill level 15 in Fighting
     9 | D        | Reached skill level 15 in Armour
     9 | D        | Reached XP level 14. HP: 124/124 MP: 14/14
    10 | D        | Killed a bag of meat
    10 | D        | Reached ** piety under Makhleb
    10 | D        | Reached XP level 15. HP: 132/132 MP: 15/15
    14 | D        | Reached *** piety under Makhleb
    14 | D        | Reached XP level 16. HP: 143/143 MP: 16/16
    16 | D        | Noticed a meat berserker
    21 | D        | Noticed a meat berserker
    21 | D        | Killed a meat berserker
    22 | D        | Reached XP level 17. HP: 155/155 MP: 17/17
    23 | D        | Reached **** piety under Makhleb
    23 | D        | Reached XP level 18. HP: 166/166 MP: 18/18
    25 | D        | Killed a meat berserker
    25 | D        | Reached ***** piety under Makhleb
    25 | D        | Reached skill level 27 in Axes
    26 | D        | Reached skill level 27 in Dodging
    26 | D        | Reached XP level 19. HP: 181/181 MP: 19/19
    30 | D        | Reached skill level 27 in Shields
    32 | D        | Reached skill level 27 in Fighting
    32 | D        | Reached skill level 27 in Armour
    32 | D        | Reached skill level 15 in Invocations
    32 | D        | Reached XP level 20. HP: 197/197 MP: 19/31
    34 | D        | Noticed a destroyer
    36 | D        | Noticed a destroyer
    37 | D        | Killed a destroyer
    37 | D        | Reached ****** piety under Makhleb
    37 | D        | Reached skill level 27 in Invocations
    38 | D        | Reached skill level 10 in Throwing
    38 | D        | Reached skill level 10 in Unarmed Combat
    38 | D        | Reached skill level 10 in Spellcasting
    38 | D        | Reached XP level 21. HP: 204/204 MP: 20/38
    39 | D        | Killed a destroyer
    39 | D        | Reached skill level 15 in Staves
    39 | D        | Reached skill level 15 in Throwing
    39 | D        | Reached skill level 15 in Unarmed Combat
    39 | D        | Reached skill level 15 in Spellcasting
    41 | D        | Noticed a destroyer
    43 | D        | Noticed a meat berserker
    46 | D        | Noticed a destroyer
    46 | D        | Killed a destroyer
    46 | D        | Reached XP level 22. HP: 212/212 MP: 22/46
    48 | D        | Noticed a meat berserker
    48 | D        | Killed a meat berserker
    48 | D        | Reached XP level 23. HP: 219/219 MP: 22/49
    50 | D        | Noticed an accursed
    50 | D        | Noticed a tyrant
    50 | D        | Killed a destroyer
    51 | D        | Noticed a destroyer
    52 | D        | Noticed a destroyer
    52 | D        | Noticed a destroyer
    52 | D        | Killed a destroyer
    52 | D        | Reached XP level 24. HP: 227/227 MP: 23/53
    52 | D        | Killed a destroyer
    52 | D        | Reached skill level 27 in Staves
    52 | D        | Reached skill level 27 in Throwing
    52 | D        | Reached skill level 27 in Unarmed Combat
    52 | D        | Reached skill level 27 in Spellcasting
    53 | D        | Reached skill level 27 in Stealth
    53 | D        | Reached XP level 25. HP: 234/234 MP: 23/54
    54 | D        | Noticed a destroyer
    54 | D        | Killed a destroyer
    55 | D        | Noticed a tyrant
    55 | D        | Reached XP level 26. HP: 228/242 MP: 24/54
    57 | D        | Killed a destroyer
    58 | D        | Reached XP level 27. HP: 249/249 MP: 25/54
    60 | D        | Noticed a meat beast
    61 | D        | Noticed a tyrant
    61 | D        | Killed a meat beast
    63 | D        | Killed a tyrant
    66 | D        | Noticed a destroyer
    66 | D        | Killed an accursed
    68 | D        | Killed a destroyer
    70 | D        | Noticed a meat beast
    71 | D        | Noticed a destroyer
    72 | D        | Killed a meat beast
    75 | D        | Noticed a dread
    76 | D        | Noticed a destroyer
    76 | D        | Noticed a dread
    76 | D        | Noticed a dread
    76 | D        | Killed a tyrant
    76 | D        | Killed a dread
    77 | D        | Killed a destroyer
    78 | D        | Killed a tyrant
    81 | D        | Killed a destroyer
    82 | D        | Killed a dread
    85 | D        | Noticed a meat beast
    85 | D        | Noticed a meat beast
    87 | D        | Noticed a meat beast
    87 | D        | Killed a meat beast
    88 | D        | Killed a meat beast
    89 | D        | Killed a meat beast
    90 | D        | Noticed a meat beast
    91 | D        | Killed a dread
    94 | D        | Killed a meat beast
    97 | D        | Noticed an accursed
   104 | D        | Reached skill level 27 in Long Blades
   105 | D        | Noticed a meat beast
   110 | D        | Killed an accursed
   113 | D        | Noticed a destroyer
   113 | D        | Noticed an accursed
   114 | D        | Noticed an accursed
   115 | D        | Noticed a meat beast
   115 | D        | Noticed a destroyer
   115 | D        | Noticed a meat beast
   118 | D        | Noticed a meat beast
   118 | D        | Noticed an accursed
   118 | D        | Killed a destroyer
   118 | D        | Killed a meat beast
   118 | D        | Killed a meat beast
   119 | D        | Noticed a destroyer
   119 | D        | Killed a meat beast
   119 | D        | Killed a destroyer
   121 | D        | Noticed a meat beast
   121 | D        | Noticed a dread
   121 | D        | Killed an accursed
   122 | D        | Noticed an accursed
   123 | D        | Noticed a fleshlord
   123 | D        | Noticed a meat beast
   123 | D        | Killed a meat beast
   123 | D        | Killed a meat beast
   123 | D        | Killed a destroyer
   124 | D        | Noticed a meat beast
   125 | D        | Noticed an accursed
   125 | D        | Killed a meat beast
   126 | D        | Noticed a tyrant
   127 | D        | Killed a fleshlord
   129 | D        | Noticed a meat beast
   129 | D        | Killed a meat beast
   129 | D        | Killed a dread
   130 | D        | Noticed a tyrant
   130 | D        | Killed a meat beast
   131 | D        | Noticed a tyrant
   131 | D        | Noticed a dread
   132 | D        | Noticed a dread
   132 | D        | Noticed a destroyer
   132 | D        | Killed an accursed
   134 | D        | Noticed an accursed
   134 | D        | Killed a tyrant
   135 | D        | Noticed an accursed
   135 | D        | Killed a dread
   136 | D        | Killed a destroyer
   137 | D        | Noticed a destroyer
   138 | D        | Noticed a dread
   138 | D        | Noticed a destroyer
   138 | D        | Killed an accursed
   138 | D        | Killed a tyrant
   140 | D        | Killed a tyrant
   140 | D        | Killed an accursed
   141 | D        | Noticed a destroyer
   141 | D        | Noticed an accursed
   142 | D        | Noticed a fleshlord
   143 | D        | Killed a destroyer
   144 | D        | Noticed a fleshlord
   144 | D        | Killed an accursed
   144 | D        | Killed a destroyer
   146 | D        | Noticed a fleshlord
   146 | D        | Noticed a fleshlord
   146 | D        | Noticed an accursed
   146 | D        | Killed an accursed
   146 | D        | Killed a dread
   147 | D        | Noticed a dread
   148 | D        | Noticed a dread
   150 | D        | Noticed a fleshlord
   151 | D        | Noticed a destroyer
   151 | D        | Noticed The Meatlord
   151 | D        | Killed a destroyer
   152 | D        | Noticed a dread
   152 | D        | Killed a dread
   152 | D        | HP: 5/247 [wretched soul/bolt of negative energy (64)]
   153 | D        | Mangled by a meat berserker

Vault maps used:
D:        meatsprint

Skill      XL: |  1  2  3  4  5  6  7  8  9 10 11 12 13 14 15 16 17 18 19 20 21 22 23 24 25 26 27 |
---------------+----------------------------------------------------------------------------------+-----
Fighting       | 12 14 15 16 18 20 21 24 27 | 27.0
Axes           | 15 17 19 20 22 24 26 27 | 27.0
Armour         | 12 14 15 16 18 20 21 24 27 | 27.0
Dodging        | 14 16 17 18 20 23 24 27 | 27.0
Shields        | 13 15 16 17 19 21 23 26 27 | 27.0
Invocations    | 15 27 | 27.0
Staves         | 11 20 22 26 27 | 27.0
Throwing       | 10 20 22 26 27 | 27.0
Unarmed Combat | 10 20 22 26 27 | 27.0
Spellcasting   | 10 20 22 26 27 | 27.0
Stealth        | 27 | 27.0
Long Blades    | 27 | 27.0

Action                   |  1- 3 |  4- 6 |  7- 9 | 10-12 | 13-15 | 16-18 | 19-21 | 22-24 | 25-27 || total
-------------------------+-------+-------+-------+-------+-------+-------+-------+-------+-------++-------
Melee: Executioner's axe |     1 |       |       |     1 |     3 |     5 |     9 |     4 |    77 ||   100
Invok: Greater Servant o |       |       |       |       |       |       |       |     1 |     3 ||     4
Armor: Scale mail        |       |       |       |       |       |       |       |       |     3 ||     3
Dodge: Dodged            |       |       |       |       |       |       |       |       |    11 ||    11
Block: Shield            |       |       |       |       |       |       |     2 |       |     6 ||     8
